 Dungeon Crawl Stone Soup version 0.26.1-10-gdfb7c7de75 (webtiles) character file.

Game seed: 4591891923603801760

179 lauthentik the Insei (level 5, -5/40 HPs)
             Began as a Draconian Transmuter on Apr 9, 2021.
             Slain by a gnoll shaman
             ... wielding a +0 whip
              (10 damage)
             ... on level 4 of the Dungeon.
             The game lasted 00:09:37 (3704 turns).

lauthentik the Insei (Draconian Transmuter)         Turns: 3704, Time: 00:09:38

Health: -5/40      AC:  5    Str: 12    XL:     5   Next: 33%
Magic:  7/9        EV: 12    Int: 14    God:
Gold:   170        SH:  0    Dex: 12    Spells: 7/10 levels left

rFire    . . .     SeeInvis .     - Unarmed
rCold    . . .     Faith    .   (no shield)
rNeg     . . .     Spirit   .   (armour unavailable)
rPois    .         Reflect  .   (helmet currently unavailable)
rElec    .         Harm     .   (no cloak)
rCorr    .         Rampage  .   (no gloves)
Will     .....                  (boots currently unavailable)
Stlth    +.........             (no amulet)
HPRegen  0.13/turn              (no ring)
MPRegen  0.11/turn              (no ring)

@: appendages (expiring), wereblooded
A: unfitting armour, horns 2, talons 2, cold-blooded, AC +5
a: End Transformation


You were on level 4 of the Dungeon.
You had grown temporary horns.
You had grown temporary talons.
You visited 1 branch of the dungeon, and saw 4 of its levels.

You collected 170 gold pieces.

Inventory:

Hand Weapons
 c - a +0 hunting sling
Missiles
 e - 97 stones
 l - 29 sling bullets
 q - a boomerang (quivered)
Scrolls
 b - a scroll of blinking {unknown}
 d - 2 scrolls of teleportation {unknown}
 f - a scroll of amnesia {unknown}
 h - 2 scrolls of identify {unknown}
 i - 4 scrolls of enchant weapon {unknown}
 n - a scroll of noise {unknown}
 p - 4 scrolls of remove curse {unknown}
 r - a scroll of magic mapping {unknown}
Potions
 a - 2 potions of curing
 g - a potion of flight {unknown}
 j - 3 potions of degeneration {unknown}
 k - 3 potions of mutation {unknown}
 m - a potion of heal wounds {unknown}
 o - a potion of cancellation {unknown}


   Skills:
 + Level 1.3 Fighting
 + Level 0.2(0.3) Slings
 + Level 0.3(0.4) Throwing
 + Level 2.4 Dodging
 + Level 0.5 Stealth
 + Level 4.1 Unarmed Combat
 + Level 3.1 Spellcasting
 + Level 3.0 Transmutations


You had 7 spell levels left.
You knew the following spells:

 Your Spells              Type           Power        Failure   Level
a - Beastly Appendage     Tmut           20%          6%          1
b - Wereblood             Tmut           10%          10%         2

Your spell library contained the following spells:

 Spells                   Type           Power        Failure   Level
 Spider Form              Tmut/Pois      3%           34%         3
 Ice Form                 Ice/Tmut       6%           75%         4
 Blade Hands              Tmut           5%           86%         5


Dungeon Overview and Level Annotations

Branches:
Dungeon (4/15)
 Temple: D:4-7

Altars:
Wu Jian


Innate Abilities, Weirdness & Mutations

Your plain brown scales are hard. (AC +5)
You cannot fit into any form of body armour.
You are cold-blooded and may be slowed by cold attacks.
You have a pair of horns on your head.
You have razor-sharp toenails.


Message History

The gnoll shaman is heavily wounded.
The gnoll hits you from afar with a +0 spear.
* * * LOW HITPOINT WARNING * * *
The gnoll shaman hits you but does no damage.
The gnoll hits you but does no damage.
You hit the gnoll shaman. You tail-slap the gnoll shaman.
The gnoll shaman is severely wounded.
The gnoll barely misses you. The gnoll closely misses you.
The gnoll shaman calls upon its god to speed up the gnoll.
The gnoll seems to speed up.
You barely miss the gnoll shaman. Your kick misses the gnoll shaman.
Your headbutt misses the gnoll shaman.
Your tail-slap misses the gnoll shaman.
You punch the gnoll shaman.
The gnoll shaman is severely wounded.
You howl as the wereblood boils in your veins!
The gnoll hits you with a +0 flail.
* * * LOW HITPOINT WARNING * * *
The gnoll barely misses you.
The gnoll shaman hits you with a +0 whip!
You die...

########## . .........#
.# ########.# ###.###
########.###.....##.
...........).#......
########............
#.#.##.......
######.#.##gS..... ##
#.........@gg.(..(
....###.####.#.##.##.#.#
#......# ##.#.# .# .# #
....###.###....# .# . ##
#........# .# #.###...##
.# #.# ##.## .# #.# #.#
.# #######.####.#


You could see a gnoll shaman, 2 gnolls and an adder.

Vanquished Creatures
  An orc wizard (D:3)
  3 gnolls
  4 adders
  An adder skeleton (D:3)
  3 worms
  4 dart slugs
  7 orcs (D:3)
  7 bats
  2 giant cockroaches
  8 goblins
  2 hobgoblins
  4 jackals (D:4)
  3 ball pythons
  4 frilled lizards
  7 kobolds
  10 rats
70 creatures vanquished.

Notes
Turn   | Place    | Note
-------+----------+-------------------------------------------
     0 | D:1      | lauthentik the Draconian Transmuter began the quest for the
                  | Orb.
     0 | D:1      | Reached XP level 1. HP: 16/16 MP: 3/3
   128 | D:1      | Reached XP level 2. HP: 22/23 MP: 3/5
  1014 | D:2      | Reached XP level 3. HP: 28/28 MP: 6/6
  1526 | D:2      | Learned a level 2 spell: Wereblood
  1609 | D:2      | Reached XP level 4. HP: 11/35 MP: 6/8
  3025 | D:3      | Found an ornate altar of the Wu Jian Council.
  3189 | D:3      | Reached XP level 5. HP: 40/40 MP: 5/9
  3297 | D:4      | Reached skill level 4 in Unarmed Combat
  3704 | D:4      | Slain by a gnoll shaman

Illustrated notes

Levels and vault maps discovered:
D:1:      mrwooster_arrival_arrow, layout_rooms, minmay_indecisive_spiral
D:2:      layout_loops_ring, minmay_between
D:3:      layout_loops_ring, pdpol_wu_jian_five_deadly_venoms
D:4:      layout_loops_ring, minmay_temple_entry_enclosed_plants, serial_shops,
          shop

Skill      XL: |  1  2  3  4  5 |
---------------+----------------+-----
Dodging        | 2 |  2.4
Spellcasting   | 3 |  3.1
Unarmed Combat | 4 |  4.1
Transmutations | 3 |  3.0
Fighting       | |  1.3
Slings         | |  0.2
Throwing       | |  0.3
Stealth        | |  0.5

Action                   |  1- 3 |  4- 6 || total
-------------------------+-------+-------++-------
Melee: Unarmed           |   107 |   101 ||   208
       Kick              |    10 |    12 ||    22
       Tailslap          |     7 |    13 ||    20
       Headbutt          |     5 |     9 ||    14
       Punch             |     1 |     1 ||     2
 Fire: Hunting sling     |    13 |       ||    13
Throw: Boomerang         |       |    17 ||    17
 Cast: Beastly Appendage |    17 |    13 ||    30
       Wereblood         |     1 |     5 ||     6
  Use: Potion            |     1 |       ||     1
 Stab: Sleeping          |     1 |       ||     1
Armor: Skin              |    50 |    27 ||    77
Dodge: Dodged            |    87 |    57 ||   144
